 Dungeon Crawl Stone Soup version 0.22.1-1-ga44c0e56f4 (webtiles) character file.

82 Jynx the Insei (level 4, 0/28 HPs)
             Began as an Octopode Transmuter on Nov 5, 2018.
             Slain by a bullfrog (7 damage)
             ... on level 3 of the Dungeon.
             The game lasted 00:03:21 (2008 turns).

Jynx the Insei (Octopode Transmuter)                Turns: 2008, Time: 00:03:21

Health: 0/28       AC:  1    Str:  9    XL:     4   Next: 43%
Magic:  7/7        EV: 13    Int: 15    God:
Gold:   46         SH:  0    Dex: 13    Spells: 7/8 levels left

rFire    . . .     SeeInvis .     - Unarmed
rCold    . . .     Gourm    .   (no shield)
rNeg     . . .     Faith    .   (helmet restricted)
rPois    .         Spirit   .   (no amulet)
rElec    .         Reflect  .   (no ring)
rCorr    .         Harm     .   (no ring)
MR       .....                  (no ring)
Stlth    ++........             (no ring)
HPRegen  0.09/turn              (no ring)
MPRegen  0.10/turn              (no ring)
                                (no ring)
                                (no ring)

@: appendage
A: almost no armour, stealthy swim, amphibious, 8 rings, constrict 8, tentacle
spike 3, camouflage 1, gelatinous body 1
a: End Transformation


You were on level 3 of the Dungeon.
You were near starving.
One of your tentacles had a temporary spike.
You visited 1 branch of the dungeon, and saw 3 of its levels.

You collected 46 gold pieces.

Inventory:

Missiles
 a - 39 arrows
Armour
 d - a +0 large shield
Jewellery
 e - an uncursed ring of protection from fire {unknown}
 f - an uncursed ring of see invisible {unknown}
Scrolls
 h - a scroll of teleportation
 i - a scroll of amnesia {unknown}
Potions
 b - 2 potions of agility {unknown}
 g - 2 potions of mutation {unknown}
 j - a potion of heal wounds {unknown}
 k - a potion of curing {unknown}
 l - a potion of flight {unknown}
Comestibles
 c - 5 rations


   Skills:
 - Level 1.0 Fighting
 - Level 2.0 Dodging
 + Level 3.6 Unarmed Combat
 + Level 2.6 Spellcasting
 * Level 3.5 Transmutations


You had 7 spell levels left.
You knew the following spells:

 Your Spells              Type           Power        Failure   Level  Hunger
a - Beastly Appendage     Tmut           ##....       4%          1    #......

Your spell library contained the following spells:

 Spells                   Type           Power        Failure   Level  Hunger
 Sticks to Snakes         Tmut           ##......     8%          2    ##.....
 Spider Form              Tmut/Pois      #.........   30%         3    ###....
 Ice Form                 Ice/Tmut       #.......     69%         4    #####..
 Blade Hands              Tmut           ##........   80%         5    ######.


Dungeon Overview and Level Annotations

Branches:
Dungeon (3/15)

Altars:
Cheibriados
Zin


Innate Abilities, Weirdness & Mutations

You cannot wear most types of armour.
You are very stealthy in the water. (Stealth+)
You are amphibious.
You can wear up to eight rings at the same time.
You can use your tentacles to constrict eight enemies at once.
Your skin changes colour to match your surroundings (Stealth+).
Your rubbery body absorbs attacks. (AC +1, EV +1)
One of your tentacles bears a large vicious spike.


Message History

You constrict the gnoll. The gnoll misses you. The bullfrog barely misses you.
The goblin hits you.
You tentacle-slap the gnoll.
You kill the gnoll!
The bullfrog snags a nearby centipede with its tongue.
The bullfrog hits you. The goblin closely misses you.
The bullfrog swells and bulges.
The bullfrog closely misses you. The bullfrog barely misses you.
The bullfrog barely misses you.
You tentacle-slap the bullfrog. You grab the bullfrog.
You squeeze the bullfrog.
The bullfrog is moderately wounded.
You constrict the bullfrog. The bullfrog closely misses you.
You tentacle-slap the bullfrog.
The bullfrog is heavily wounded.
You constrict the bullfrog. The bullfrog hits you.
* * * LOW HITPOINT WARNING * * *
The bullfrog hits you!
You die...

... ...
###....##..## #..
... #...# #..#
##.###.# ###.###..#
...#.g# #......#
...g########......#
#J).......#.######
# ##.# #.#
#...#.J########.#
.........ggF@.....#
###################


You could see a bullfrog, a gnoll, an ooze and a goblin.

Vanquished Creatures
  An adder (D:2)
  2 gnolls (D:3)
  An ooze (D:1)
  A worm (D:2)
  A dart slug (D:1)
  2 leopard geckos (D:2)
  A giant cockroach (D:1)
  5 goblins
  2 hobgoblins (D:2)
  2 jackals (D:2)
  5 kobolds
  2 quokkas (D:2)
  A ball python (D:2)
  9 bats
  2 frilled lizards
  3 rats
40 creatures vanquished.

Notes
Turn   | Place    | Note
-------+----------+-------------------------------------------
     0 | D:1      | Jynx the Octopode Transmuter began the quest for the Orb.
     0 | D:1      | Reached XP level 1. HP: 13/13 MP: 3/3
   203 | D:1      | Reached XP level 2. HP: 18/18 MP: 3/5
   587 | D:2      | Reached XP level 3. HP: 23/23 MP: 4/6
  1183 | D:2      | Reached XP level 4. HP: 15/28 MP: 5/7
  1566 | D:2      | Found a glowing silver altar of Zin.
  1567 | D:2      | Noticed an angel
  1617 | D:3      | Found a snail-covered altar of Cheibriados.
  1992 | D:3      | Noticed a bullfrog
  2008 | D:3      | Slain by a bullfrog

Skill      XL: |  1  2  3 |
---------------+----------+-----
Transmutations | 3 |  3.5
Fighting       | |  1.0
Dodging        | |  2.0
Unarmed Combat | |  3.6
Spellcasting   | |  2.6

Action                   |  1- 3 |  4- 6 || total
-------------------------+-------+-------++-------
Melee: Unarmed           |    68 |    20 ||    88
       Constrict         |    19 |     8 ||    27
       Tentacles         |    17 |     4 ||    21
       Punch             |     1 |       ||     1
       Kick              |    10 |     3 ||    13
 Cast: Beastly Appendage |    17 |     4 ||    21
  Use: Scroll            |     5 |     1 ||     6
 Stab: Sleeping          |     3 |     2 ||     5
  Eat: Chunk             |     1 |     1 ||     2
Armor: Skin              |     8 |     5 ||    13
Dodge: Dodged            |    51 |    27 ||    78
